 Dungeon Crawl Stone Soup version 0.30-a0-702-gdf48620a09 (webtiles) character file.

Game seed: 1043238185333350086

66 Bnni the Vexing (level 4, -3/32 HPs)
             Began as a Formicid Hexslinger on Jan 21, 2023.
             Slain by Crazy Yiuf
             ... wielding a +2 quarterstaff of chaos
              (9 damage)
             ... on level 2 of the Dungeon.
             The game lasted 00:01:48 (1487 turns).

Bnni the Vexing (Formicid Hexslinger)               Turns: 1487, Time: 00:01:49

Health: -3/32      AC:  2    Str: 14    XL:     4   Next: 37%
Magic:  0/6        EV: 17    Int: 15    God:
Gold:   105        SH:  0    Dex: 14    Spells: 2/6 levels left

rFire   + . .      SeeInvis +    a - +1 sling
rCold   x . .      Faith    .    (no shield)
rNeg    . . .      Spirit   .    c - +0 robe
rPois   .          Reflect  .    (helmet unavailable)
rElec   .          Harm     .    (no cloak)
rCorr   .          Rampage  .    (no gloves)
Will    .....                    (no boots)
Stlth   +                        (no amulet)
HPRegen 0.25/turn                m - +5 ring of evasion
MPRegen 0.10/turn                n - ring of fire

@: no status effects
A: permanent stasis, dig shafts and tunnels, antennae 3, four strong arms
a: Dig, Shaft Self


You were on level 2 of the Dungeon.
You visited 1 branch of the dungeon, and saw 2 of its levels.

You collected 105 gold pieces.

Inventory:

Hand Weapons
 a - a +1 sling (weapon)
Armour
 c - a +0 robe (worn)
Jewellery
 m - a +5 ring of evasion (left hand)
 n - a ring of fire (right hand)
Scrolls
 b - a scroll of poison
 d - a scroll of magic mapping {unknown}
 e - a scroll of butterflies {unknown}
 h - 2 scrolls of teleportation {unknown}
 i - a scroll of identify {unknown}
 k - 2 scrolls of blinking {unknown}
 l - 3 scrolls of fog {unknown}
 o - 2 scrolls of immolation {unknown}
Potions
 f - a potion of curing {unknown}
 g - a potion of might {unknown}
 j - 2 potions of haste {unknown}


   Skills:
 + Level 1.5 Fighting
 * Level 2.9 Ranged Weapons
 - Level 1.7 Dodging
 + Level 1.6 Spellcasting
 * Level 4.2 Hexes
 * Level 1.5 Fire Magic


You had 2 spell levels left.
You knew the following spells:

 Your Spells              Type           Power      Damage    Failure   Level
a - Slow                  Hex            56%        N/A       4%          1
b - Inner Flame           Hex/Fire       14%        N/A       22%         3

Your spell library contained the following spells:

 Spells                   Type           Power      Damage    Failure   Level
 Portal Projectile        Hex/Tloc       14%        N/A       28%         3
 Cause Fear               Hex            7%         N/A       36%         4


Dungeon Overview and Level Annotations

Branches:
Dungeon (2/15)

Altars:

Annotations:
D:2 Crazy Yiuf


Innate Abilities, Weirdness & Mutations

You cannot be hasted, slowed, berserked, paralysed or teleported.
You can dig through walls and to a lower floor.
You have a pair of large antennae on your head. (SInv)
Your four strong arms can wield two-handed weapons with a shield.


Message History

Press: ? - help, Shift-Dir - straight line, f/p - Crazy Yiuf
Aim: Crazy Yiuf, wielding a +2 quarterstaff of chaos and wearing a +0 cloak (chance to affect: 56%) Crazy Yiuf resists with significant effort.
Crazy Yiuf hits you with a +2 quarterstaff of chaos!
Space warps around you.
Casting: Slow (safe; 4% risk of failure)
Confirm with . or Enter, or press ? or * to list all spells.
Aiming: Slow (safe; 4% risk of failure)
Press: ? - help, Shift-Dir - straight line, f/p - Crazy Yiuf
Aim: Crazy Yiuf, wielding a +2 quarterstaff of chaos and wearing a +0 cloak (chance to affect: 56%) Crazy Yiuf seems to slow down.
Crazy Yiuf barely misses you.
Crazy Yiuf is no longer moving slowly.
Crazy Yiuf says, "Papa illywillydillykilly sow!"
Crazy Yiuf flaps his cloak.
Fire: a) +1 sling
Press: ? - help, Shift-Dir - straight line, f/p - Crazy Yiuf
Aim: Crazy Yiuf, wielding a +2 quarterstaff of chaos and wearing a +0 cloak (61% to hit)
You shoot a sling bullet.
The sling bullet hits Crazy Yiuf but does no damage.
Fire: a) +1 sling
Press: ? - help, Shift-Dir - straight line, f/p - Crazy Yiuf
Aim: Crazy Yiuf, wielding a +2 quarterstaff of chaos and wearing a +0 cloak (61% to hit)
You shoot a sling bullet. The sling bullet hits Crazy Yiuf.
Crazy Yiuf is lightly wounded.
Casting: Slow (safe; 4% risk of failure)
Confirm with . or Enter, or press ? or * to list all spells.
Aiming: Slow (safe; 4% risk of failure)
Press: ? - help, Shift-Dir - straight line, f/p - Crazy Yiuf
Aim: Crazy Yiuf, wielding a +2 quarterstaff of chaos and wearing a +0 cloak (lightly wounded, chance to affect: 56%) Crazy Yiuf resists with significant effort.
Casting: Slow (safe; 4% risk of failure)
Confirm with . or Enter, or press ? or * to list all spells.
Aiming: Slow (safe; 4% risk of failure)
Press: ? - help, Shift-Dir - straight line, f/p - Crazy Yiuf
Aim: Crazy Yiuf, wielding a +2 quarterstaff of chaos and wearing a +0 cloak (lightly wounded, chance to affect: 56%) Crazy Yiuf resists with significant effort.
Crazy Yiuf hits you with a +2 quarterstaff of chaos!
* * * LOW HITPOINT WARNING * * *
You are electrocuted!
You die...

#.......# ##...# #.
#.......# #...## #.
#.......#
########.### #.
#.......#
#........# #.
#.......#
#......###########.
#####'#####......#
#.......#
#.....#......#
#.......#
#####.'..g...#
#.......#
###.@....#
#....[... #..#####
#.......< ##....#
#........ ####.##
#######.) #..## #..
##..## #..
##..########..
##..........)
#####.>####.


You could see Crazy Yiuf.

Vanquished Creatures
  3 adders (D:2)
  A worm (D:2)
  2 dart slugs
  3 endoplasms
  A giant cockroach (D:1)
  4 goblins
  3 hobgoblins
  A quokka (D:1)
  2 ball pythons
  6 bats
  3 kobolds
  3 rats
32 creatures vanquished.

Notes
Turn   | Place    | Note
-------+----------+-------------------------------------------
     0 | D:1      | Bnni the Formicid Hexslinger began the quest for the Orb.
     0 | D:1      | Reached XP level 1. HP: 15/15 MP: 2/2
   199 | D:1      | Reached XP level 2. HP: 21/21 MP: 3/3
   409 | D:1      | Found a faded altar of an unknown god.
   788 | D:2      | Reached skill level 4 in Hexes
   788 | D:2      | Reached skill level 1 in Fire Magic
   788 | D:2      | Reached XP level 3. HP: 24/26 MP: 2/5
   792 | D:2      | Learned a level 3 spell: Inner Flame
  1001 | D:2      | Reached XP level 4. HP: 32/32 MP: 6/6
  1218 | D:2      | Found a runed translucent door.
  1219 | D:2      | Noticed Crazy Yiuf
  1487 | D:2      | Slain by Crazy Yiuf

Illustrated notes

Levels and vault maps discovered:
D:1:      dpeg_arrival_pond, layout_loops_ring, ebering_ecumenical_altar_box
D:2:      layout_basic, minmay_domino_4, uniq_crazy_yiuf_cottage

Skill      XL: |  1  2 |
---------------+-------+-----
Hexes          | 4 |  4.2
Fire Magic     | 1 |  1.5
Fighting       | |  1.5
Ranged Weapons | |  2.9
Dodging        | |  1.7
Spellcasting   | |  1.6

Action                   |  1- 3 |  4- 6 || total
-------------------------+-------+-------++-------
 Fire: Sling             |    81 |    24 ||   105
 Cast: Slow              |     3 |     5 ||     8
       Inner Flame       |       |     1 ||     1
Armor: Robe              |     3 |     2 ||     5
Dodge: Dodged            |    33 |    19 ||    52

Table legend: (Time is in decaauts)
 A = Elapsed time spent in this place.
 B = Non-inter-level travel time spent in this place.
 C = Inter-level travel time spent in this place.
 D = Time resting spent in this place.
 E = Time spent auto-exploring this place.
 F = Levels seen in this place.
 G = Mean time per level.
                   A        B        C        D        E       F      G
               +--------+--------+--------+--------+--------+-----+--------+
         Total |   1515 |   1462 |     53 |      0 |   1222 |   2 |  757.5 |
       Dungeon |   1515 |   1462 |     53 |      0 |   1222 |   2 |  757.5 |
               +--------+--------+--------+--------+--------+-----+--------+

Top non-repeatable levels by time:
     D:2: 842 daAuts
     D:1: 673 daAuts
